 Dungeon Crawl Stone Soup version 0.24.0-37-gcf1ca852f1 (webtiles) character file.

Game seed: 17627973521017185497, levelgen mode: deterministic

4131 Mrkan the Cleaver (level 10, -18/90 HPs)
             Began as a Minotaur Fighter on Nov 25, 2019.
             Was a High Priest of Okawaru.
             Demolished by a death yak (23 damage)
             ... on level 8 of the Dungeon.
             The game lasted 00:09:12 (5477 turns).

Mrkan the Cleaver (Minotaur Fighter)                Turns: 5477, Time: 00:09:12

Health: -18/90     AC: 15    Str: 20    XL:     10   Next: 6%
Magic:  9/9        EV:  5    Int:  5    God:    Okawaru [*****.]
Gold:   499        SH: 11    Dex: 14    Spells: 9/9 levels left

rFire    . . .     SeeInvis .   a - +0 war axe
rCold    . . .     Gourm    .   c - +0 shield
rNeg     . . .     Faith    .   y - +0 plate armour
rPois    .         Spirit   .   (helmet restricted)
rElec    .         Reflect  .   (no cloak)
rCorr    .         Harm     .   (no gloves)
MR       .....                  v - +0 pair of boots
Stlth    ..........             (no amulet)
HPRegen  0.25/turn              (no ring)
MPRegen  0.11/turn              (no ring)

@: lightly drained
A: retaliatory headbutt, horns 2
a: Heroism, Finesse, Renounce Religion


You were on level 8 of the Dungeon.
You worshipped Okawaru.
Okawaru was extremely pleased with you.
You were very hungry.

You visited 1 branch of the dungeon, and saw 8 of its levels.

You collected 499 gold pieces.

Inventory:

Hand Weapons
 a - a +0 war axe (weapon)
 D - the +5 hunting sling "Kaitt" {freeze, MR- Str+2 Dex+4}
   (You found it on level 6 of the Dungeon)

   It causes projectiles fired from it to freeze those they strike, causing
   extra injury to most foes and up to half again as much damage against
   particularly susceptible opponents.
   They can also slow down cold-blooded creatures.
   It affects your strength (+2).
   It affects your dexterity (+4).
   It affects your resistance to hostile enchantments.
Missiles
 w - 3 curare-tipped darts (quivered)
 B - 4 atropa-tipped darts
 G - 15 stones
 H - 4 throwing nets
Armour
 c - a +0 shield (worn)
 v - a +0 pair of boots (worn)
 y - a +0 plate armour (worn)
Jewellery
 h - an uncursed ring of protection from cold {unknown}
 l - an uncursed ring of protection from magic {unknown}
 o - an uncursed amulet of harm {unknown}
 z - an uncursed ring of resist corrosion {unknown}
Wands
 x - a wand of random effects (16)
Scrolls
 b - 5 scrolls of remove curse {unknown}
 g - 2 scrolls of amnesia {unknown}
 i - 6 scrolls of identify {unknown}
 k - 4 scrolls of blinking {unknown}
 n - 3 scrolls of enchant weapon {unknown}
 q - 3 scrolls of teleportation {unknown}
 r - a scroll of fog {unknown}
 t - 2 scrolls of immolation {unknown}
 C - a scroll of summoning {unknown}
Potions
 d - 2 potions of might
 e - a potion of cancellation {unknown}
 j - a potion of heal wounds {unknown}
 m - 2 potions of curing {unknown}
 p - 2 potions of degeneration {unknown}
 s - a potion of ambrosia {unknown}
 u - a potion of brilliance {unknown}
 A - 2 potions of haste {unknown}
 E - a potion of agility {unknown}
 F - 2 potions of flight {unknown}
Comestibles
 f - 11 rations


   Skills:
 + Level 8.4(8.2) Fighting
 * Level 10.8(10.7) Axes
 + Level 3.5(3.4) Slings
 + Level 8.5(8.3) Armour
 + Level 8.4(8.2) Shields


You had 9 spell levels left.
You didn't know any spells.
Your spell library contained the following spells:

 Spells                   Type           Power        Failure   Level  Hunger
 Magic Dart               Conj           #...         100%        1    ##.....
 Blink                    Tloc           N/A          100%        2    ###....
 Call Imp                 Summ           #.......     100%        2    ###....
 Slow                     Hex            #.......     100%        2    ###....
 Conjure Flame            Conj/Fire      #.......     100%        3    ####...
 Mephitic Cloud           Conj/Pois/Air  #.......     100%        3    ####...


Dungeon Overview and Level Annotations

Branches:
Dungeon (8/15)             Temple (0/1) D:5            Lair (0/6) D:8

Altars:
Dithmenos
Elyvilon
Makhleb
Nemelex Xobeh
Okawaru
Qazlal
Xom
Zin
The Shining One

Shops:
D:7 *


Innate Abilities, Weirdness & Mutations

You reflexively headbutt those who attack you in melee.
You have a pair of horns on your head.


Message History

You block the death yak's attack.
You slash the death yak!
The death yak is moderately wounded.
The death yak gores you but does no damage.
You barely miss the death yak.
The death yak is moderately wounded.
The basilisk hisses menacingly.
You block the death yak's attack.
You barely miss the death yak.
The death yak is moderately wounded.
The death yak gores you but does no damage.
Your plate armour prevents you from hitting the death yak.
You headbutt the death yak.
The death yak is moderately wounded.
The death yak gores you!!
* * * LOW HITPOINT WARNING * * *
Your plate armour prevents you from hitting the death yak.
The death yak is moderately wounded.
The death yak gores you!!
You die...

.....# # ##. #.#<.#.# .#.
#.#..#.# .#( ###.#..#.### ...
.........?.. ... #......#
...######...############
...........HlhaY@.......
........#...############
.#......#...# # #^.....#...# #
#......#...### .. #
#....#.......# ########..#
......##.####.# #######.........#
########....#.#<#..............##
#..#.#.#.#.##.####.####..#


You could see a death yak, a hippogriff, a basilisk, a hound and a worker ant.

Vanquished Creatures
  Harold (D:8)
  Pikel (D:7)
  A hippogriff (D:7)
  Edmund (D:4)
  Duvessa (D:7)
  3 sky beasts
  A phantom (D:7)
  A hornet zombie (D:6)
  4 ogres
  2 centaurs
  A big kobold (D:8)
  2 bullfrogs
  Dowan (D:7)
  A wyvern skeleton (D:8)
  3 scorpions
  4 wights (D:7)
  3 crimson imps
  2 bullfrog zombies
  A hound (D:5)
  A quasit (D:6)
  2 jellies
  3 orc priests
  An orc wizard (D:3)
  A bullfrog skeleton (D:6)
  Jessica (D:2)
  Terence (D:2)
  3 iguanas
  4 worker ants
  A killer bee zombie (D:5)
  A worker ant zombie (D:6)
  6 gnolls
  7 adders
  2 shadow imps (D:8)
  2 adder skeletons
  A worm (D:2)
  2 dart slugs
  4 leopard geckos
  28 orcs
  2 giant cockroaches
  5 goblins
  9 hobgoblins
  5 jackals
  4 quokkas
  3 ball pythons
  8 bats
  9 frilled lizards
  14 kobolds
  9 rats
173 creatures vanquished.

Notes
Turn   | Place    | Note
-------+----------+-------------------------------------------
     0 | D:1      | Mrkan the Minotaur Fighter began the quest for the Orb.
     0 | D:1      | Reached XP level 1. HP: 19/19 MP: 0/0
    84 | D:1      | Reached XP level 2. HP: 22/27 MP: 1/1
   131 | D:1      | Reached skill level 3 in Axes
   556 | D:2      | Found an iron altar of Okawaru.
   566 | D:2      | Became a worshipper of Warmaster Okawaru
   568 | D:2      | Noticed Terence
   573 | D:2      | Killed Terence
   573 | D:2      | Reached XP level 3. HP: 26/33 MP: 2/2
   699 | D:2      | Noticed Jessica
   701 | D:2      | Killed Jessica
   701 | D:2      | Reached XP level 4. HP: 40/40 MP: 3/3
   826 | D:2      | Reached skill level 4 in Axes
   859 | D:2      | Found a sparkling altar of Nemelex Xobeh.
  1062 | D:2      | Reached XP level 5. HP: 45/47 MP: 4/4
  1644 | D:3      | Found a white marble altar of Elyvilon.
  1796 | D:3      | Found a faded altar of an unknown god.
  1818 | D:3      | Reached * piety under Okawaru
  1818 | D:3      | Reached skill level 5 in Axes
  1835 | D:3      | Reached XP level 6. HP: 33/55 MP: 5/5
  1971 | D:3      | Reached skill level 5 in Armour
  2086 | D:3      | Reached skill level 5 in Shields
  2169 | D:4      | Reached skill level 5 in Fighting
  2404 | D:4      | Noticed Edmund
  2423 | D:4      | Killed Edmund
  2423 | D:4      | Reached ** piety under Okawaru
  2423 | D:4      | Reached skill level 6 in Axes
  2423 | D:4      | Reached XP level 7. HP: 20/61 MP: 6/6
  2839 | D:5      | Entered Level 5 of the Dungeon
  2877 | D:5      | Found a staircase to the Ecumenical Temple.
  2950 | D:5      | Found a shadowy altar of Dithmenos.
  3010 | D:5      | Reached skill level 7 in Axes
  3178 | D:5      | Reached XP level 8. HP: 70/70 MP: 7/7
  3413 | D:5      | Reached *** piety under Okawaru
  3483 | D:6      | Reached skill level 8 in Axes
  3897 | D:6      | Reached skill level 9 in Axes
  3946 | D:6      | Reached **** piety under Okawaru
  3946 | D:6      | Reached XP level 9. HP: 38/79 MP: 8/8
  3948 | D:6      | Got a steaming hunting sling
  4227 | D:6      | Found a glowing golden altar of the Shining One.
  4230 | D:6      | Found a stormy altar of Qazlal.
  4332 | D:6      | Identified the +5 hunting sling "Kaitt" {freeze, MR- Str+2
                  | Dex+4} (You found it on level 6 of the Dungeon)
  4456 | D:7      | Reached skill level 1 in Slings
  4456 | D:7      | Noticed Pikel
  4476 | D:7      | Killed Pikel
  4476 | D:7      | Reached skill level 10 in Axes
  4860 | D:7      | Noticed Duvessa
  4863 | D:7      | Noticed Dowan
  4867 | D:7      | Killed Duvessa
  4882 | D:7      | Killed Dowan
  4973 | D:7      | Found a glowing silver altar of Zin.
  4975 | D:7      | Found Zin's Purification Station.
  5278 | D:8      | Found a shimmering altar of Xom.
  5308 | D:8      | Noticed Harold
  5324 | D:8      | Killed Harold
  5324 | D:8      | Reached ***** piety under Okawaru
  5324 | D:8      | Reached XP level 10. HP: 80/90 MP: 9/9
  5389 | D:8      | Found a burning altar of Makhleb.
  5442 | D:8      | Noticed a death yak
  5443 | D:8      | Found a staircase to the Lair.
  5477 | D:8      | Demolished by a death yak

Levels and vault maps discovered:
D:1:      shiori_arrival_maze, layout_rooms, minmay_pentomino_p2
D:2:      layout_loops_corners, lemuel_round_altar, okawaru_ov_weapons_minmay,
          uniq_jessica, uniq_terence
D:3:      layout_loops_ring, elyvilon_altar_5,
          chequers_ecumenical_altar_simple_redux, minmay_close_crescents
D:4:      layout_basic, first_ration, uniq_edmund
D:5:      layout_basic, nicolae_dithmenos_shadow_blocks,
          minmay_temple_entry_overgrown, chequers_arboretum
D:6:      layout_basic, grunt_temple_overflow_open, minmay_lizard_king
D:7:      layout_basic, zin_purify, uniq_pikel, uniq_duvessa
D:8:      layout_basic, lemuel_coloured_pillars_altar, old_standard_altar,
          david_lair_generic, uniq_gastronok, uniq_harold

Skill      XL: |  1  2  3  4  5  6  7  8  9 |
---------------+----------------------------+-----
Axes           | 3 4 5 6 7 9 10 | 10.8
Armour         | 4 5 6 7 8 |  8.5
Fighting       | 4 5 6 7 8 |  8.4
Shields        | 4 5 6 7 8 |  8.4
Slings         | 3 |  3.5

Action                   |  1- 3 |  4- 6 |  7- 9 | 10-12 || total
-------------------------+-------+-------+-------+-------++-------
Melee: War axe           |    61 |   158 |   319 |    28 ||   566
       Headbutt          |     6 |    20 |    69 |    10 ||   105
  Eat: Chunk             |       |     4 |     7 |       ||    11
       Ration            |       |       |     1 |       ||     1
Armor: Scale mail        |    27 |    59 |       |       ||    86
       Plate armour      |       |    18 |   197 |    10 ||   225
Dodge: Dodged            |    16 |    51 |    65 |     9 ||   141
Block: Shield            |    34 |    85 |   180 |    11 ||   310
